SL
LONG ISLAND LIGHTHOUSE @ KINGSTON TOWNSHIP KNIGHTS
04/22/2042
 
TOP OF THE 1ST
Long Island Lighthouse batting - Pitching for Kingston Township Knights : RHP Zebulon Vermillion
Pitching: RHP Zebulon Vermillion
Batting: RHB Eugene Bennett 0-0: Called Strike
0-1: Foul Ball, location: 2F
0-2: Ball
1-2: Ball
2-2: Ground out 4-3 (Groundball, 4, EV 81.9 MPH)
Batting: RHB Mark Toope 0-0: Ball
1-0: Called Strike
1-1: Ball
2-1: Foul Ball, location: 2F
2-2: Foul Ball, location: 2F
2-2: SINGLE (Line Drive, 3D, EV 98.8 MPH)
Batting: RHB Jonas van Claveren 0-0: Ball
1-0: Ball
2-0: Ball
3-0: Base on Balls
Mark Toope to second
Batting: RHB Iiri Haapajarvi 0-0: Called Strike
0-1: Swinging Strike
0-2: Ball
1-2: Ball
2-2: Ball
3-2: Foul Ball, location: 2F
3-2: Foul Ball, location: 2F
3-2: Strikes out swinging
Batting: RHB Oliver Villalva 0-0: Called Strike
0-1: Ball
1-1: Foul Ball, location: 2F
1-2: Ball
2-2: Ground out 1-3 (Groundball, 13, EV 93.8 MPH)
Top of the 1st over - 0 runs, 1 hit, 0 errors, 2 left on base; Long Island 0 - Kingston Township 0
BOTTOM OF THE 1ST
Kingston Township Knights batting - Pitching for Long Island Lighthouse : RHP Valentin Calhamar
Pitching: RHP Valentin Calhamar
Batting: LHB Ánibal Lima 0-0: Called Strike
0-1: Ball
1-1: Bunt missed!
1-2: Fly out, F4 (Popup, 34S, EV 49.4 MPH)
Batting: RHB Daniel McCoy 0-0: Ball
1-0: Ground out 4-3 (Groundball, 4, EV 100.0 MPH)
Batting: SHB Eustacio Tafalla 0-0: Foul Ball, location: 2F
0-1: SINGLE (Groundball, 4MD, EV 97.5 MPH)
Batting: LHB Ed Mellor 0-0: Called Strike
0-1: Ball
1-1: SINGLE (Groundball, 6D, EV 96.2 MPH)
Eustacio Tafalla to second
Batting: RHB Holden Ford 0-0: Ball
1-0: Ball
2-0: Ball
3-0: Base on Balls
Eustacio Tafalla to third
Ed Mellor to second
Batting: RHB Takenao Wakabayashi 0-0: Ball
1-0: Called Strike
1-1: Swinging Strike
1-2: Strikes out looking
Bottom of the 1st over - 0 runs, 2 hits, 0 errors, 3 left on base; Long Island 0 - Kingston Township 0
TOP OF THE 2ND
Long Island Lighthouse batting - Pitching for Kingston Township Knights : RHP Zebulon Vermillion
Batting: LHB Daniel Joseph 0-0: Called Strike
0-1: Foul Ball, location: 2F
0-2: Strikes out swinging
Batting: RHB Quan Easterling 0-0: Ball
1-0: Called Strike
1-1: Ball
2-1: Foul Ball, location: 2F
2-2: Strikes out looking
Batting: RHB Nigel Sturges 0-0: Ball
1-0: Fly out, F8 (Flyball, 8RM, EV 96.2 MPH)
Top of the 2nd over - 0 runs, 0 hits, 0 errors, 0 left on base; Long Island 0 - Kingston Township 0
BOTTOM OF THE 2ND
Kingston Township Knights batting - Pitching for Long Island Lighthouse : RHP Valentin Calhamar
Batting: RHB Jorge Ozezera 0-0: Ground out U3 (Groundball, 3S, EV 85.6 MPH)
Batting: RHB Tom Rowland 0-0: SINGLE (Line Drive, 7S, EV 105.6 MPH)
Batting: RHB Kazunari Mizuno 0-0: Ball
1-0: Ball
2-0: Called Strike
2-1: SINGLE (Line Drive, 9S, EV 94.4 MPH)
Tom Rowland to second
Batting: LHB Ánibal Lima 0-0: Called Strike
0-1: Foul Ball, location: 2F
0-2: Ball
1-2: Strikes out looking
Batting: RHB Daniel McCoy 0-0: Ball
1-0: Called Strike
1-1: Foul Ball, location: 2F
1-2: Foul Ball, location: 2F
1-2: Ball
Passed Ball!
Tom Rowland to third
Kazunari Mizuno to second
2-2: Ball
3-2: Base on Balls
Batting: SHB Eustacio Tafalla 0-0: Ball
1-0: Called Strike
1-1: Foul Ball, location: 2F
1-2: Foul Ball, location: 2F
1-2: Foul Ball, location: 2F
1-2: Ball
2-2: Fly out, F7 (Flyball, 78M, EV 78.1 MPH)
Bottom of the 2nd over - 0 runs, 2 hits, 0 errors, 3 left on base; Long Island 0 - Kingston Township 0
TOP OF THE 3RD
Long Island Lighthouse batting - Pitching for Kingston Township Knights : RHP Zebulon Vermillion
Batting: LHB Ramón Garmendia 0-0: Ball
1-0: Foul Ball, location: 2F
1-1: SINGLE (Line Drive, 7S, EV 103.1 MPH)
Batting: RHB Eugene Bennett 0-0: Swinging Strike
0-1: Ball
1-1: Ball
2-1: SINGLE (Groundball, 56D, EV 102.5 MPH)
Ramón Garmendia to second
Batting: RHB Mark Toope 0-0: Swinging Strike
0-1: Ball
1-1: Swinging Strike
1-2: Ball
2-2: Ball
3-2: Base on Balls
Ramón Garmendia to third
Eugene Bennett to second
Pitching: RHP Jack Salt
Batting: RHB Jonas van Claveren 0-0: Ball
1-0: Ball
2-0: Ball
3-0: Called Strike
3-1: DOUBLE (Line Drive, 89D, EV 103.8 MPH)
Ramón Garmendia scores
Eugene Bennett scores
Mark Toope to third
Batting: RHB Iiri Haapajarvi 0-0: Ball
1-0: Ball
2-0: Foul Ball, location: 2F
2-1: Called Strike
2-2: Foul Ball, location: 2F
2-2: Strikes out swinging
Batting: RHB Oliver Villalva 0-0: Ball
1-0: Ground out 1-3 (Groundball, 13, EV 69.4 MPH)
Batting: LHB Daniel Joseph 0-0: Fly out, F7 (Flyball, 7LM, EV 87.5 MPH)
Top of the 3rd over - 2 runs, 3 hits, 0 errors, 2 left on base; Long Island 2 - Kingston Township 0
BOTTOM OF THE 3RD
Kingston Township Knights batting - Pitching for Long Island Lighthouse : RHP Valentin Calhamar
Batting: LHB Ed Mellor 0-0: Called Strike
0-1: Called Strike
0-2: Ball
1-2: Strikes out swinging
Batting: RHB Holden Ford 0-0: Called Strike
0-1: Foul Ball, location: 2F
0-2: Ball
1-2: Strikes out swinging
Batting: RHB Takenao Wakabayashi 0-0: Foul Ball, location: 2F
0-1: Ball
1-1: Called Strike
1-2: Ball
2-2: SINGLE (Groundball, 6D, EV 104.4 MPH)
Batting: RHB Jorge Ozezera 0-0: Ball
1-0: Ball
2-0: Ball
3-0: Base on Balls
Takenao Wakabayashi to second
Batting: RHB Tom Rowland 0-0: Ball
1-0: Called Strike
1-1: SINGLE (Flyball, 89M, EV 86.9 MPH)
Takenao Wakabayashi to third
Jorge Ozezera to second
Runner from 3rd tries for Home, SAFE, throw by RF to home
Batting: RHB Kazunari Mizuno 0-0: Foul Ball, location: 2F
0-1: Ball
1-1: Ball
Passed Ball!
Jorge Ozezera to third
Tom Rowland to second
2-1: Foul Ball, location: 2F
2-2: Ground out 4-3 (Groundball, 4, EV 103.1 MPH)
Bottom of the 3rd over - 1 run, 2 hits, 0 errors, 2 left on base; Long Island 2 - Kingston Township 1
TOP OF THE 4TH
Long Island Lighthouse batting - Pitching for Kingston Township Knights : RHP Jack Salt
Batting: RHB Quan Easterling 0-0: Foul Ball, location: 2F
0-1: Ball
1-1: Called Strike
1-2: Ball
2-2: Strikes out swinging
Batting: RHB Nigel Sturges 0-0: Foul Ball, location: 2F
0-1: Ball
1-1: Ball
2-1: Foul Ball, location: 2F
2-2: SINGLE (Groundball, 4MD, EV 103.8 MPH)
Batting: LHB Ramón Garmendia 0-0: Foul Ball, location: 2F
0-1: Ball
1-1: Ball
2-1: Called Strike
2-2: Ball
3-2: Base on Balls
Nigel Sturges to second
Batting: RHB Eugene Bennett 0-0: Ball
1-0: Fielders Choice at 2nd, 2-4 (Groundball, 15S, EV 74.4 MPH)
Nigel Sturges to third
Batting: RHB Mark Toope 0-0: Ball
1-0: Ball
2-0: Ball
3-0: Base on Balls
Eugene Bennett to second
Batting: RHB Jonas van Claveren 0-0: Ball
1-0: Ball
2-0: Called Strike
2-1: Ball
3-1: Called Strike
3-2: Foul Ball, location: 2F
3-2: Ground out 6-3 (Groundball, 6, EV 85.6 MPH)
Top of the 4th over - 0 runs, 1 hit, 0 errors, 3 left on base; Long Island 2 - Kingston Township 1
BOTTOM OF THE 4TH
Kingston Township Knights batting - Pitching for Long Island Lighthouse : RHP Valentin Calhamar
Batting: LHB Ánibal Lima 0-0: Swinging Strike
0-1: Fly out, F5 (Popup, 5SF, EV 90.6 MPH)
Batting: RHB Daniel McCoy 0-0: Ground out 6-3 (Groundball, 56, EV 85.6 MPH)
Batting: SHB Eustacio Tafalla 0-0: Ball
1-0: Called Strike
1-1: Foul Ball, location: 2F
1-2: Ball
2-2: Foul Ball, location: 2F
2-2: Ground out 4-3 (Groundball, 34D, EV 110.6 MPH)
Bottom of the 4th over - 0 runs, 0 hits, 0 errors, 0 left on base; Long Island 2 - Kingston Township 1
TOP OF THE 5TH
Long Island Lighthouse batting - Pitching for Kingston Township Knights : RHP Jack Salt
Batting: RHB Iiri Haapajarvi 0-0: Ground out 5-3 (Groundball, 5, EV 83.1 MPH)
Batting: RHB Oliver Villalva 0-0: Fly out, F7 (Flyball, 7LM, EV 96.2 MPH)
Batting: LHB Daniel Joseph 0-0: Ball
1-0: DOUBLE (Flyball, 8LD, EV 98.1 MPH)
Pitching: RHP Rickey O'Day
Batting: RHB Quan Easterling 0-0: Ball
1-0: Foul Ball, location: 2F
1-1: Called Strike
1-2: Ground out 2-3 (Groundball, 15S, EV 71.2 MPH)
Top of the 5th over - 0 runs, 1 hit, 0 errors, 1 left on base; Long Island 2 - Kingston Township 1
BOTTOM OF THE 5TH
Kingston Township Knights batting - Pitching for Long Island Lighthouse : RHP Valentin Calhamar
Pitching: RHP Juan Contreras
Batting: LHB Ed Mellor 0-0: Ball
1-0: Ball
2-0: Called Strike
2-1: Ball
3-1: SINGLE (Groundball, 3D, EV 103.1 MPH)
Batting: RHB Holden Ford 0-0: Foul Ball, location: 2F
0-1: Called Strike
0-2: Ball
1-2: Ball
2-2: Foul Ball, location: 2F
2-2: Foul Ball, location: 2F
2-2: Fielders Choice at 2nd, 1-4 (Groundball, P, EV 86.2 MPH)
Batting: RHB Takenao Wakabayashi 0-0: Ball
1-0: Foul Ball, location: 2F
1-1: Foul Ball, location: 2F
1-2: Ball
2-2: Foul Ball, location: 2F
2-2: Grounds into double play, 1-4-3 (Groundball, P, EV 83.8 MPH)
Bottom of the 5th over - 0 runs, 1 hit, 0 errors, 0 left on base; Long Island 2 - Kingston Township 1
TOP OF THE 6TH
Long Island Lighthouse batting - Pitching for Kingston Township Knights : RHP Rickey O'Day
Batting: RHB Nigel Sturges 0-0: Ball
1-0: Foul Ball, location: 2F
1-1: Called Strike
1-2: Foul Ball, location: 2F
1-2: Strikes out swinging
Batting: LHB Ramón Garmendia 0-0: Ball
1-0: Ball
2-0: Called Strike
2-1: Called Strike
2-2: Foul Ball, location: 2F
2-2: Foul Ball, location: 2F
2-2: Foul Ball, location: 2F
2-2: Ball
3-2: Foul Ball, location: 2F
3-2: Base on Balls
Pinch Hitting: SHB Vicente Romero 0-0: Ball
1-0: Called Strike
1-1: Called Strike
1-2: Fly out, F4 (Line Drive, 4, EV 65.0 MPH)
Pitching: RHP Walid bin Amid
Pinch Hitting: LHB Shohei Otani 0-0: Ball
Ramón Garmendia is caught stealing 2nd base 2-6
Top of the 6th over - 0 runs, 0 hits, 0 errors, 0 left on base; Long Island 2 - Kingston Township 1
BOTTOM OF THE 6TH
Kingston Township Knights batting - Pitching for Long Island Lighthouse : RHP Juan Contreras
Now at 1B: Nathan Pruitt
Now in RF: Kevin Baxter
Batting: RHB Jorge Ozezera 0-0: Foul Ball, location: 2F
0-1: Ball
1-1: Swinging Strike
1-2: Strikes out looking
Batting: RHB Tom Rowland 0-0: Ball
1-0: Fly out, F8 (Line Drive, 8RM, EV 90.0 MPH)
Batting: RHB Kazunari Mizuno 0-0: Swinging Strike
0-1: Fly out, F7 (Flyball, 7LM, EV 90.6 MPH)
Bottom of the 6th over - 0 runs, 0 hits, 0 errors, 0 left on base; Long Island 2 - Kingston Township 1
TOP OF THE 7TH
Long Island Lighthouse batting - Pitching for Kingston Township Knights : RHP Walid bin Amid
Batting: RHB Kevin Baxter 0-0: Called Strike
0-1: Ball
1-1: Fly out, F9 (Flyball, 9S, EV 94.4 MPH)
Pinch Hitting: SHB Alvin Peterson 0-0: Called Strike
0-1: Ground out 4-3 (Groundball, 34, EV 81.2 MPH)
Batting: RHB Carlos Mendoza 0-0: Ground out 1-3 (Groundball, 34S, EV 83.1 MPH)
Top of the 7th over - 0 runs, 0 hits, 0 errors, 0 left on base; Long Island 2 - Kingston Township 1
BOTTOM OF THE 7TH
Kingston Township Knights batting - Pitching for Long Island Lighthouse : RHP Juan Contreras
Now at SS: Alvin Peterson
Pinch Hitting: RHB Amor Campos 0-0: Ball
1-0: Ball
2-0: Ball
3-0: Fly out, F7 (Flyball, 7D, EV 101.2 MPH)
Batting: RHB Daniel McCoy 0-0: SINGLE (Groundball, 4MD, EV 105.0 MPH)
Pinch Hitting: RHB Glenn Curtis 0-0: Ball
1-0: Called Strike
1-1: Ball
2-1: Swinging Strike
2-2: Ball
3-2: Foul Ball, location: 2F
3-2: Base on Balls
Daniel McCoy to second
Batting: LHB Ed Mellor 0-0: Ball
1-0: Ball
2-0: Grounds into double play, 5-4-3 (Groundball, 56S, EV 91.9 MPH)
Bottom of the 7th over - 0 runs, 1 hit, 0 errors, 1 left on base; Long Island 2 - Kingston Township 1
TOP OF THE 8TH
Long Island Lighthouse batting - Pitching for Kingston Township Knights : RHP Walid bin Amid
Now at 2B: Glenn Curtis
Now in CF: Amor Campos
Pinch Hitting: RHB Chip Mullaney 0-0: Ground out 6-3 (Groundball, 4M, EV 107.5 MPH)
Batting: LHB Daniel Joseph 0-0: Called Strike
0-1: Swinging Strike
0-2: Strikes out swinging
Batting: RHB Quan Easterling 0-0: Ball
1-0: Swinging Strike
1-1: Swinging Strike
1-2: Foul Ball, location: 2F
1-2: Foul Ball, location: 2F
1-2: Ball
2-2: Ground out 5-3 (Groundball, 5S, EV 83.8 MPH)
Top of the 8th over - 0 runs, 0 hits, 0 errors, 0 left on base; Long Island 2 - Kingston Township 1
BOTTOM OF THE 8TH
Kingston Township Knights batting - Pitching for Long Island Lighthouse : RHP Juan Contreras
Now in LF: Chip Mullaney
Batting: RHB Holden Ford 0-0: Ball
1-0: Fly out, F7 (Flyball, 7LS, EV 86.2 MPH)
Pinch Hitting: RHB Dave Broom 0-0: Ball
1-0: Ball
2-0: Ball
3-0: Base on Balls
Pitching: RHP Liam Thomson
Pinch Hitting: LHB Marc Ben 0-0: Called Strike
0-1: Called Strike
0-2: Grounds into double play, 4-6-3 (Groundball, 4, EV 86.2 MPH)
Bottom of the 8th over - 0 runs, 0 hits, 0 errors, 0 left on base; Long Island 2 - Kingston Township 1
TOP OF THE 9TH
Long Island Lighthouse batting - Pitching for Kingston Township Knights : RHP Walid bin Amid
Now at 1B: Marc Ben
Now in RF: Dave Broom
Batting: RHB Nigel Sturges 0-0: Called Strike
0-1: Fly out, F9 (Flyball, 89XD, EV 108.1 MPH)
Batting: LHB Ramón Garmendia 0-0: Ball
1-0: Ball
2-0: Ground out 5-3 (Groundball, 56S, EV 91.2 MPH)
Batting: RHB Nathan Pruitt 0-0: Called Strike
0-1: Called Strike
0-2: Ball
1-2: Strikes out swinging
Top of the 9th over - 0 runs, 0 hits, 0 errors, 0 left on base; Long Island 2 - Kingston Township 1
BOTTOM OF THE 9TH
Kingston Township Knights batting - Pitching for Long Island Lighthouse : RHP Liam Thomson
Pitching: RHP Carlos Rodríguez
Pinch Hitting: RHB Khal Drogo 0-0: Foul Ball, location: 2F
0-1: SINGLE (Groundball, 6D, EV 98.8 MPH)
Pinch Hitting: RHB Cary Collins 0-0: Bunted foul
0-1: Bunted foul
0-2: 2-RUN HOME RUN (Flyball, 9D, EV 108.1 MPH), Distance : 358 ft
Friday, March 26th, 2021 - OOTP Baseball 20.8 Build 74